 Dungeon Sprint DCSS version 0.29.1-12-g30fa7ad0bf (webtiles) character file.

Game seed: 6245568026530244003

4574 boopmooplesden the Warrior (level 10, -6/111 HPs)
             Began as a Minotaur Berserker on Dec 12, 2022.
             Was a High Priest of Trog.
             Mangled by a sphinx (9 damage)
             ... in the Dungeon (Sprint II: "The Violet Keep of Menkaure").
             The game lasted 00:04:05 (2298 turns).

boopmooplesden the Warrior (Minotaur Berserker)     Turns: 2298, Time: 00:04:06

Health: -6/111     AC: 11    Str: 28    XL:     10   Next: 18%
Magic:  3/3        EV: 17    Int:  4    God:    Trog [*****.]
Gold:   522        SH:  0    Dex: 15    Spells: 9/9 levels left

rFire   . . .      SeeInvis +   c - +4 great sword (antimagic)
rCold   x . .      Faith    .   (shield currently unavailable)
rNeg    . . .      Spirit   .   i - +1 ring mail "Uvaofu" {Dex+3}
rPois   +          Reflect  .   (helmet restricted)
rElec   .          Harm     .   (no cloak)
rCorr   .          Rampage  .   B - +0 pair of gloves
Will    .....      Rage     3%  p - +0 pair of boots
Stlth   .......... NoTele   +   (no amulet)
HPRegen 0.28/turn               j - ring "Nabim" {rPois rC- Str+4 SInv}
MPRegen 0.08/turn               (no ring)

@: confused, on berserk cooldown, slowed, very slow
A: horns 2, retaliatory headbutt, berserk 1
a: Renounce Religion, Berserk, Trog's Hand, Brothers in Arms


You were in the Dungeon.
You worshipped Trog.
Trog was extremely pleased with you.
You visited 1 branch You collected 1138 gold pieces.
You spent 616 gold pieces at shops.

Inventory:

Hand Weapons
 a - a +1 falchion
 c - a +4 antimagic great sword (weapon)
Armour
 b - a +1 animal skin
 i - the +1 ring mail "Uvaofu" (worn) {Dex+3}
   (You bought it in a shop in the Dungeon)

   Dex:       It affects your dexterity (+3).
 p - a +0 pair of boots (worn)
 B - a +0 pair of gloves (worn)
Jewellery
 j - the ring "Nabim" (left hand) {rPois rC- Str+4 SInv}
   (You bought it in a shop in the Dungeon)

   [ring of poison resistance]

   Str:       It affects your strength (+4).
   rC:        It makes you vulnerable to cold.
   rPois:     It protects you from poison.
   SInv:      It lets you see invisible.
 m - a ring of fire
 q - a +4 ring of evasion
 r - a +6 ring of dexterity
 s - a ring of positive energy
 y - an amulet of faith
 F - a ring of magical power
Scrolls
 h - 2 scrolls of blinking
Potions
 d - 2 potions of heal wounds
 e - a potion of haste
 f - 5 potions of magic
 g - a potion of berserk rage
 o - 2 potions of brilliance {unknown}
 t - 3 potions of resistance
 u - 2 potions of ambrosia {unknown}
 w - 2 potions of attraction {unknown}
 C - 3 potions of flight {unknown}
 E - a potion of invisibility {unknown}


   Skills:
 + Level 17.2 Fighting
 + Level 17.1 Long Blades
 + Level 10.6 Armour
 + Level 11.1 Dodging
 + Level 2.3 Stealth


You had 9 spell levels left.
You didn't know any spells.
Your spell library was empty.

Dungeon Overview and Level Annotations

Branches:
Dungeon (1/1)

Altars:
Cheibriados
Dithmenos
Elyvilon
Fedhas
Gozag
Hepliaklqana
Kikubaaqudgha
Makhleb
Nemelex Xobeh
Okawaru
Qazlal
Ru
Sif Muna
Trog
Uskayaw
Vehumet
Wu Jian
Xom
Yredelemnul
Zin
The Shining One
Jiyva
Lugonu

Shops:
D :=!::[?!==[[[:(

Annotations:
D exclusion: oklob plant, Roxanne


Innate Abilities, Weirdness & Mutations

You have a pair of horns on your head.
You reflexively headbutt those who attack you in melee.
You sometimes lose your temper in combat.


Message History

* * * LOW HITPOINT WARNING * * *
The sphinx hits you but does no damage. The sphinx closely misses you.
The sphinx hits you but does no damage. The sphinx completely misses you.
The sphinx hits you but does no damage.
The sphinx casts a spell.
You are confused.
You barely miss the sphinx.
The sphinx is moderately wounded.
The sphinx's magic is no longer disrupted.
The sphinx closely misses you. The sphinx misses you.
The sphinx hits you but does no damage. The sphinx completely misses you.
The sphinx hits you.
* * * LOW HITPOINT WARNING * * *
The sphinx hits you but does no damage.
You bump into the stone wall.
The sphinx misses you. The sphinx hits you.
* * * LOW HITPOINT WARNING * * *
The sphinx hits you but does no damage.
The sphinx casts a spell.
You are more confused.
The sphinx hits you.
* * * LOW HITPOINT WARNING * * *
The sphinx hits you but does no damage. x2; The sphinx misses you.
The sphinx hits you but does no damage. The sphinx hits you.
* * * LOW HITPOINT WARNING * * *
You slice the sphinx!!
The sphinx's magic leaks into the air.
The sphinx is severely wounded.
The sphinx hits you but does no damage. The sphinx closely misses you.
The sphinx misses you. The sphinx hits you!
* * * LOW HITPOINT WARNING * * *
The sphinx closely misses you. The sphinx hits you but does no damage.
The sphinx mumbles some strange words.
You are more confused.
You slash the sphinx!
The sphinx's magic leaks into the air.
The sphinx is almost dead.
The sphinx misses you. The sphinx hits you!
* * * LOW HITPOINT WARNING * * *
The sphinx hits you.
* * * LOW HITPOINT WARNING * * *
The sphinx hits you!
You die...

#..#▓.[(..)(.▓▓
##.#▓..)..().▓▓
.÷##▓▓▓▓▓▓▓'▓▓▓▓+▓
~~~~~~~~~~~...≈≈≈▓
+########'###.≈≈≈▓
_._._...#~§§##§≈≈▓
._._._._#§~§≈####▓▓▓▓▓
_._._._.#§~§~§##..#$$▓
._._._._#§~~≈§§#@H#$.▓
.._._._.#§~~§§§§.H'$$▓
..._._._#§§§§§§#..#$.▓
...._._.#§~≈≈≈≈▓..#$$▓
....._..#~≈≈≈▓▓▓▓▓▓▓▓▓
#########~≈≈≈▓zz.
~~~~~~~~~≈≈≈≈▓.z.
~########≈▓▓▓▓▓▓▓ ~#
#▓▓


You could see 2 sphinxes.

Vanquished Creatures
  A kraken (D)
  2 deep trolls (D)
  A yaktaur (D)
  3 polar bears (D)
  A hornet (D)
  Menkaure (D)
  4 neqoxecs (D)
  3 water moccasins (D)
  4 necrophages (D)
  5 scorpions (D)
  4 tentacles (D)
29 creatures vanquished.

Vanquished Creatures (others)
  A water moccasin (D)
  12 tentacles (D)
13 creatures vanquished.

Grand Total: 42 creatures vanquished

Notes
Turn   | Place    | Note
-------+----------+-------------------------------------------
     0 | D        | boopmooplesden the Minotaur Berserker began the quest for
                  | the Orb.
     0 | D        | Reached XP level 1. HP: 19/19 MP: 0/0
     1 | D        | Noticed a neqoxec
     1 | D        | Noticed a neqoxec
     1 | D        | Noticed a neqoxec
     1 | D        | Noticed a neqoxec
     5 | D        | Gained mutation: You sometimes lose your temper in combat.
                  | [a neqoxec]
     7 | D        | Killed a neqoxec
     8 | D        | Reached XP level 2. HP: 34/35 MP: 1/1
     8 | D        | Reached XP level 3. HP: 39/40 MP: 2/2
     8 | D        | Reached XP level 4. HP: 47/48 MP: 3/3
    11 | D        | Killed a neqoxec
    12 | D        | Reached skill level 10 in Long Blades
    12 | D        | Reached skill level 5 in Armour
    12 | D        | Reached XP level 5. HP: 45/57 MP: 4/4
    13 | D        | Killed a neqoxec
    13 | D        | Reached ** piety under Trog
    14 | D        | Reached skill level 10 in Fighting
    14 | D        | Reached skill level 5 in Dodging
    14 | D        | Reached XP level 6. HP: 53/67 MP: 5/5
    16 | D        | Killed a neqoxec
   246 | D        | Noticed a boulder beetle
   246 | D        | Noticed a boulder beetle
   256 | D        | Reached XP level 7. HP: 75/75 MP: 6/6
   265 | D        | Reached *** piety under Trog
   395 | D        | Reached **** piety under Trog
   557 | D        | Found Cecyext's Antique Weapon Shop.
   558 | D        | Found Toader's Book Boutique.
   559 | D        | Found Qubu's Antique Armour Boutique.
   560 | D        | Found Orirewnu's Jewellery Shop.
   560 | D        | Found Viymuhyaga's Jewellery Boutique.
   569 | D        | Reached XP level 8. HP: 86/86 MP: 7/7
   593 | D        | Found Laeqyiff's Armour Boutique.
   593 | D        | Found Kuroh's Book Shop.
   593 | D        | Found Teph's Distillery.
   594 | D        | Found Vuruxus's Distillery.
   594 | D        | Found Doxas's Jewellery Boutique.
   594 | D        | Found Zilero's Antique Armour Shop.
   594 | D        | Found Cuguf's Book Boutique.
   595 | D        | Found Haulul's Antique Armour Shop.
   595 | D        | Found Omeikor's Magic Scroll Boutique.
   597 | D        | Noticed Menkaure
   597 | D        | Noticed a cane toad
   597 | D        | Noticed a cane toad
   597 | D        | Noticed a polar bear
   616 | D        | Killed Menkaure
   621 | D        | Noticed an oklob plant
   622 | D        | Found Tionosud's Book Shoppe.
   622 | D        | Noticed a polar bear
   636 | D        | Bought a buzzing ring mail for 225 gold pieces
   636 | D        | Identified the +1 ring mail "Uvaofu" {Dex+3} (You bought it
                  | in a shop in the Dungeon)
   809 | D        | Bought the ring "Nabim" {rPois rC- Str+4 SInv} for 391 gold
                  | pieces
   830 | D        | Found an iron altar of Okawaru.
   830 | D        | Found an opulent altar of Gozag.
   831 | D        | Found a sparkling altar of Nemelex Xobeh.
   831 | D        | Found a blossoming altar of Fedhas.
   832 | D        | Found a radiant altar of Vehumet.
   832 | D        | Found a burning altar of Makhleb.
   832 | D        | Found a white marble altar of Elyvilon.
   833 | D        | Found a hide-covered altar of Uskayaw.
   833 | D        | Found a corrupted altar of Lugonu.
   833 | D        | Found a shadowy altar of Dithmenos.
   834 | D        | Found a glowing silver altar of Zin.
   834 | D        | Found a bloodstained altar of Trog.
   834 | D        | Found an ancient bone altar of Kikubaaqudgha.
   835 | D        | Found a basalt altar of Yredelemnul.
   835 | D        | Found a shimmering blue altar of Sif Muna.
   835 | D        | Found a viscous altar of Jiyva.
   836 | D        | Found a shimmering altar of Xom.
   836 | D        | Found a sacrificial altar of Ru.
   837 | D        | Found a glowing golden altar of the Shining One.
   837 | D        | Found an ornate altar of the Wu Jian Council.
   838 | D        | Noticed a yaktaur
   838 | D        | Noticed a hornet
   838 | D        | Noticed a polar bear
   838 | D        | Noticed a polar bear
   845 | D        | Killed a polar bear
   846 | D        | Noticed a polar bear
   851 | D        | Killed a polar bear
   851 | D        | Reached ***** piety under Trog
   853 | D        | Killed a hornet
   854 | D        | Reached skill level 15 in Long Blades
   858 | D        | Killed a yaktaur
   859 | D        | Reached XP level 9. HP: 63/96 MP: 8/8
   862 | D        | Killed a polar bear
   863 | D        | Reached skill level 15 in Fighting
  1010 | D        | Found a stormy altar of Qazlal.
  1016 | D        | Noticed a kraken
  1391 | D        | Found a hazy altar of Hepliaklqana.
  1391 | D        | Found a snail-covered altar of Cheibriados.
  1409 | D        | Noticed Roxanne
  1518 | D        | Found the +0 staff of Battle
  1970 | D        | Killed a kraken
  1970 | D        | Received a gift from Trog
  1971 | D        | Reached skill level 10 in Dodging
  1971 | D        | Reached skill level 1 in Stealth
  2121 | D        | Noticed a deep troll
  2123 | D        | Noticed a deep troll
  2131 | D        | Killed a deep troll
  2132 | D        | Reached skill level 10 in Armour
  2132 | D        | Reached XP level 10. HP: 110/110 MP: 3/9
  2139 | D        | Killed a deep troll
  2283 | D        | Noticed a sphinx
  2283 | D        | Noticed a sphinx
  2285 | D        | Paralysed by a sphinx for 2 turns
  2298 | D        | HP: 3/111 [sphinx (3)]
  2298 | D        | Mangled by a sphinx

Illustrated notes

Levels and vault maps discovered:
D:        the_violet_keep_of_menkaure [sprint2_stairs_cluster_1,
          sprint2_shoproom, sprint2_temple, sprint2_basic_supplies,
          sprint2_obstacle_5, sprint2_obstacle_6, sprint2_obstacle_4,
          sprint2_obstacle_7, sprint2_obstacle_3, sprint2_timed_cluster_1,
          sprint2_smallroom_cluster_1, sprint2_smallroom_final_cluster_1,
          sprint2_transparent_cluster_1, sprint2_second_timed_cluster_1,
          sprint2_sniper_area_1, sprint2_heavy_combat_area_1,
          sprint2_mutation_trap_area_1, sprint2_forest_area_1,
          sprint2_light_combat_area_1, sprint2_behind_water_1,
          sprint2_near_end_vault_1]

Skill      XL: |  1  2  3  4  5  6  7  8  9 10 |
---------------+-------------------------------+-----
Fighting       | 7 9 10 11 13 14 16 17 | 17.2
Long Blades    | 8 10 11 12 13 15 16 17 | 17.1
Armour         | 4 5 6 7 8 10 | 10.6
Dodging        | 3 4 5 6 7 8 10 11 | 11.1
Stealth        | 2 |  2.3

Action                   |  1- 3 |  4- 6 |  7- 9 | 10-12 || total
-------------------------+-------+-------+-------+-------++-------
Melee: Falchion          |     5 |    13 |    92 |       ||   110
       Headbutt          |       |     3 |    21 |     4 ||    28
       Great sword       |       |       |     9 |    14 ||    23
Invok: Berserk           |     1 |     1 |     4 |     1 ||     7
  Use: Scroll            |       |       |     9 |       ||     9
       Potion            |       |       |     1 |       ||     1
Armor: Animal skin       |       |       |     4 |       ||     4
       Ring mail         |       |       |    18 |    15 ||    33
Dodge: Dodged            |     2 |     8 |    62 |    23 ||    95
